 Dungeon Sprint DCSS version 0.31-a0-43-g46d131a48f (webtiles) character file.

Game seed: 9022866362213838411

1071 sircluck the Grappler (level 8, 0/89 HPs)
             Began as a Troll Berserker on May 19, 2023.
             Was an Elder of Trog.
             Slain by a rust devil (5 damage)
             ... summoned by an obsidian statue
             ... in the Dungeon (Sprint II: "The Violet Keep of Menkaure").
             The game lasted 00:02:35 (229 turns).

sircluck the Grappler (Troll Berserker)              Turns: 229, Time: 00:02:36

Health: 0/89       AC: -12   Str: 28    XL:     8   Next: 7%
Magic:  7/7        EV: 12    Int:  3    God:    Trog [****..]
Gold:   103        SH:  0    Dex:  9    Spells: 7/7 levels left

rFire   . .          .
                       - Unarmed
rCold   . . .        (no shield)
rNeg    . . .        a - +0 animal skin
rPois   .            (helmet restricted)
rElec   .            (no cloak)
rCorr   .            (gloves unavailable)
SInv    .            (boots unavailable)
Will    .....        (no amulet)
Stlth   +            (no ring)
HPRegen 1.14/turn    (no ring)
MPRegen 0.10/turn

%: no teleportation
@: lethally poisoned (0 -> -22), corroded, mesmerised
A: large, unfitting armour, claws 3, regeneration 1, shaggy fur 1, tough skin 1
a: Renounce Religion, Berserk, Trog's Hand, Brothers in Arms


You were in the Dungeon.
You worshipped Trog.
Trog was greatly pleased with you.
You visited 1 branch You collected 972 gold pieces.
You spent 869 gold pieces at shops.

Inventory:

Armour
 a - a +0 animal skin (worn)
Jewellery
 i - a ring of flight
Scrolls
 g - a scroll of blinking
 h - a scroll of acquirement
Potions
 d - a potion of haste
 e - 2 potions of magic
 f - a potion of berserk rage


   Skills:
 + Level 8.6 Fighting
 + Level 8.6 Dodging
 + Level 11.7 Unarmed Combat


You had 7 spell levels left.
You didn't know any spells.
Your spell library was empty.

Dungeon Overview and Level Annotations

Branches:
Dungeon (1/1)

Altars:

Shops:
D *!:=:[![[[*(=?(

Annotations:
D exclusions: obsidian statue and oklob plant


Innate Abilities, Weirdness & Mutations

You are too large for most types of armour.
You have claws for hands.
Your natural rate of healing is unusually fast.
You are covered in fur. (AC +1)
You have tough skin. (AC +1)


Message History

Your ogre hits the ice devil with a +0 giant spiked club!!
The ice devil dies!
The ice devil disappears in a puff of smoke!
The rust devil hits you.
* * * LOW HITPOINT WARNING * * *
The rust devil corrodes you!
Unknown command.
Unknown command.
You scratch the obsidian statue.
The obsidian statue is lightly damaged.
* * * LOW HITPOINT WARNING * * *
You feel very sick. The rust devil hits you.
* * * LOW HITPOINT WARNING * * *
The rust devil corrodes you!
Your ogre is engulfed in poison gas.
Your ogre looks even sicker.
You feel better.
Your ogre is engulfed in poison gas.
Your ogre looks even sicker.
Your ogre dies!
Your ogre's corpse disappears in a puff of smoke!
The rust devil hits you.
* * * LOW HITPOINT WARNING * * *
The rust devil corrodes you!
Unknown command.
You scratch the obsidian statue but do no damage.
The obsidian statue is lightly damaged.
You are engulfed in poison gas.
You are poisoned.
* * * LOW HITPOINT WARNING * * *
x2 You feel very sick.
The obsidian statue's eyes glow briefly.
Unknown command.
You scratch the obsidian statue.
The obsidian statue is lightly damaged.
You are engulfed in poison gas.
You are lethally poisoned!
* * * LOW HITPOINT WARNING * * *
x2 You feel very sick.
The rust devil hits you.
You die...

####+#### ##.°°55○°##
##..○.5°○°.## +.°.4☼8°○°°.#
###○°°@○°...# #~##.☼○°°°.##
###########~~#'°○#+++##
##########~~~.........#
#........#~~~~.##'##..#
#....⌠...#~~~~##...##.####
#...∩.∩..#~~~~#.)#..#....#
#..∩...∩.#~~####...####..##
#.∩.∩.∩.∩#~##.###'###.##..#


You could see an obsidian statue (mesmerising), a rust devil (summoned), an iron
imp (summoned), a crimson imp (summoned) and an ufetubus (summoned).

Vanquished Creatures
  A merfolk siren (D)
  Menkaure (D)
  A water moccasin (D)
  4 necrophages (D)
  4 scorpions (D)
  A hell rat (D)
  3 worms (D)
15 creatures vanquished.

Notes
Turn   | Place    | Note
-------+----------+-------------------------------------------
     0 | D        | sircluck the Troll Berserker began the quest for the Orb.
     0 | D        | Reached XP level 1. HP: 22/22 MP: 0/0
     1 | D        | Noticed a necrophage
     1 | D        | Noticed a necrophage
     1 | D        | Noticed a necrophage
     1 | D        | Noticed a necrophage
     5 | D        | Killed a necrophage
     6 | D        | Reached skill level 5 in Unarmed Combat
     6 | D        | Reached XP level 2. HP: 33/33 MP: 1/1
     6 | D        | Reached XP level 3. HP: 40/40 MP: 2/2
    10 | D        | Killed a necrophage
    11 | D        | Reached skill level 5 in Fighting
    11 | D        | Reached skill level 5 in Dodging
    11 | D        | Reached skill level 6 in Unarmed Combat
    11 | D        | Reached XP level 4. HP: 50/50 MP: 3/3
    12 | D        | Killed a necrophage
    12 | D        | Reached ** piety under Trog
    13 | D        | Reached skill level 7 in Unarmed Combat
    13 | D        | Reached XP level 5. HP: 59/59 MP: 4/4
    18 | D        | Noticed a water moccasin
    25 | D        | Killed a water moccasin
    26 | D        | Reached skill level 8 in Unarmed Combat
    26 | D        | Reached XP level 6. HP: 44/68 MP: 5/5
    35 | D        | Noticed Menkaure
    38 | D        | Noticed an obsidian statue
    44 | D        | Killed Menkaure
    44 | D        | Reached *** piety under Trog
    45 | D        | Reached skill level 9 in Unarmed Combat
    45 | D        | Noticed a merfolk siren
    61 | D        | Killed a merfolk siren
    62 | D        | Reached skill level 11 in Unarmed Combat
    62 | D        | Reached XP level 7. HP: 46/80 MP: 6/6
    81 | D        | Reached **** piety under Trog
    87 | D        | Found Beawn's Jewellery Shoppe.
    87 | D        | Found Situcol's Magic Scroll Shoppe.
    87 | D        | Found Sekkec's Assorted Antiques.
    87 | D        | Found Matu's Weapon Emporium.
    87 | D        | Found Onkapega's Antique Armour Shoppe.
    88 | D        | Found Mounefy's Armour Shoppe.
    88 | D        | Found Ycail's Antique Armour Emporium.
   110 | D        | Reached ***** piety under Trog
   111 | D        | Reached XP level 8. HP: 37/89 MP: 7/7
   116 | D        | Noticed an ice statue
   120 | D        | Found Beew's Antique Weapon Emporium.
   136 | D        | Found Zasics's Distillery.
   136 | D        | Found Toido's Antique Armour Emporium.
   137 | D        | Noticed a fire dragon
   141 | D        | Found Ynliaseo's Book Shoppe.
   141 | D        | Found Noste's Jewellery Emporium.
   141 | D        | Noticed an oklob plant
   142 | D        | Found Histom's Distillery.
   142 | D        | Found Kass's Assorted Antiques.
   142 | D        | Found Cepoth's Book Shoppe.
   144 | D        | Noticed an ice dragon
   163 | D        | Bought a scroll of acquirement for 624 gold pieces
   170 | D        | Bought a ring of flight for 245 gold pieces
   212 | D        | Noticed an ice devil
   217 | D        | Noticed a rust devil
   217 | D        | Noticed an ice devil
   229 | D        | Slain by a rust devil

Illustrated notes

Levels and vault maps discovered:
D:        the_violet_keep_of_menkaure [sprint2_stairs_cluster_1,
          sprint2_shoproom, sprint2_temple, sprint2_basic_supplies,
          sprint2_obstacle_2, sprint2_obstacle_4, sprint2_obstacle_3,
          sprint2_obstacle_7, sprint2_obstacle_1, sprint2_timed_cluster_1,
          sprint2_smallroom_cluster_1, sprint2_smallroom_final_cluster_1,
          sprint2_transparent_cluster_1, sprint2_second_timed_cluster_1,
          sprint2_sniper_area_1, sprint2_heavy_combat_area_1,
          sprint2_mutation_trap_area_1, sprint2_forest_area_1,
          sprint2_light_combat_area_1, sprint2_behind_water_1,
          sprint2_near_end_vault_1]

Skill      XL: |  1  2  3  4  5  6 |
---------------+-------------------+-----
Fighting       | 4 5 6 8 |  8.6
Dodging        | 4 5 6 8 |  8.6
Unarmed Combat | 5 6 7 8 11 | 11.7

Action                     |  1- 3 |  4- 6 |  7- 9 || total
---------------------------+-------+-------+-------++-------
  Melee: Unarmed           |     7 |    27 |    28 ||    62
         Punch             |       |       |     2 ||     2
 Invoke: Berserk           |     1 |       |       ||     1
         Brothers in Arms  |       |       |     1 ||     1
    Use: Potion            |       |       |     3 ||     3
 Armour: Animal skin       |       |     1 |     5 ||     6
  Dodge: Dodged            |     5 |     3 |    18 ||    26

Table legend: (Time is in decaauts)
 A = Elapsed time spent in this place.
 B = Non-inter-level travel time spent in this place.
 C = Inter-level travel time spent in this place.
 D = Time resting spent in this place.
 E = Time spent auto-exploring this place.
 F = Levels seen in this place.
 G = Mean time per level.
                   A        B        C        D        E       F      G
               +--------+--------+--------+--------+--------+-----+--------+
         Total |    221 |    215 |      6 |      0 |     35 |   1 |  221.0 |
       Dungeon |    221 |    215 |      6 |      0 |     35 |   1 |  221.0 |
               +--------+--------+--------+--------+--------+-----+--------+

Top non-repeatable levels by time:
       D: 221 daAuts
